 Dungeon Crawl Stone Soup version 0.27-a0-1147-gb3d8e82157 (webtiles) character file.

Game seed: 4315820269101193400

11 Hamster52 the Caller (level 2, -2/19 HPs)
             Began as a Demonspawn Summoner on May 12, 2021.
             Slain by a kobold
             ... wielding a +0 short sword
              (4 damage)
             ... on level 1 of the Dungeon.
             The game lasted 00:06:22 (975 turns).

Hamster52 the Caller (Demonspawn Summoner)           Turns: 975, Time: 00:06:22

Health: -2/19      AC:  3    Str:  8    XL:     2   Next: 13%
Magic:  2/5        EV: 11    Int: 16    God:
Gold:   0          SH:  0    Dex: 13    Spells: 4/5 levels left

rFire    . . .     SeeInvis .   c - +0 dagger
rCold    . . .     Faith    .   (no shield)
rNeg     . . .     Spirit   .   b - +0 leather armour
rPois    .         Reflect  .   (helmet restricted)
rElec    .         Harm     .   (no cloak)
rCorr    .         Rampage  .   (no gloves)
Will     .....                  (no boots)
Stlth    ++........             (no amulet)
HPRegen  0.06/turn              (no ring)
MPRegen  0.09/turn              (no ring)

@: no status effects
A: horns 1
a: no special abilities


You were on level 1 of the Dungeon.
You visited 1 branch of the dungeon, and saw 1 of its levels.

Inventory:

Hand Weapons
 c - a +0 dagger (weapon)
 d - a +0 club
 e - a +0 dagger
Missiles
 f - a stone
Armour
 a - a +0 robe
 b - a +0 leather armour (worn)
Potions
 g - a potion of curing {unknown}


   Skills:
 + Level 0.5 Armour
 + Level 1.9 Dodging
 + Level 2.1 Stealth
 + Level 2.0 Spellcasting
 + Level 4.2 Summonings


You had 4 spell levels left.
You knew the following spells:

 Your Spells              Type           Power      Damage    Failure   Level
a - Summon Small Mammal   Summ           60%        N/A       5%          1

Your spell library contained the following spells:

 Spells                   Type           Power      Damage    Failure   Level
 Call Imp                 Summ           15%        N/A       8%          2
 Call Canine Familiar     Summ           15%        N/A       16%         3
 Summon Guardian Golem    Hex/Summ       8%         N/A       36%         3
 Summon Ice Beast         Ice/Summ       8%         N/A       77%         4
 Summon Lightning Spire   Summ/Air       8%         N/A       77%         4


Dungeon Overview and Level Annotations

Branches:
Dungeon (1/15)

Altars:


Innate Abilities, Weirdness & Mutations

You have a pair of small horns on your head.


Message History

The kobold hits you but does no damage. Something hits your rat.
Your rat dies!
Your rat's corpse disappears in a puff of smoke!
The kobold hits you with a +0 short sword.
* * * LOW HITPOINT WARNING * * *
Casting: Summon Small Mammal (safe; 5% risk of failure)
Confirm with . or Enter, or press ? or * to list all spells.
You miscast Summon Small Mammal.
You are very lightly contaminated with residual magic.
Nothing appears to happen.
The bat misses you. The kobold hits you but does no damage.
The bat closely misses you. The bat barely misses you.
The bat closely misses you. The bat hits you but does no damage.
Your magical contamination has completely faded away.
The bat hits you.
* * * LOW HITPOINT WARNING * * *
You see here a frilled lizard skeleton.
The bat hits you but does no damage. The bat hits you but does no damage.
Casting: Summon Small Mammal (safe; 5% risk of failure)
Confirm with . or Enter, or press ? or * to list all spells.
You swap places.
The kobold hits your rat with a +0 short sword.
Your rat dies!
Your rat's corpse disappears in a puff of smoke!
Casting: Summon Small Mammal (safe; 5% risk of failure)
Confirm with . or Enter, or press ? or * to list all spells.
Your quokka closely misses the kobold.
You see here a bat skeleton.
Your quokka bites the kobold but does no damage.
The bat hits your quokka. The bat misses your quokka.
The kobold completely misses your quokka.
The bat closely misses your quokka. x2
Your quokka bites the kobold but does no damage.
The kobold closely misses your quokka.
Casting: Summon Small Mammal (safe; 5% risk of failure)
Confirm with . or Enter, or press ? or * to list all spells.
The kobold hits you with a +0 short sword.
You die...

#..#......##....##.S# #
#...........#.#.##..##.
#.#.#..................
#.#.........#.......#
#.#.................#
###.#.........###.###.#
#.....#...........###.##
#.#.#.#.......##.........
#.#........#####@.#######
#.##..........r.K.#
#.##.....#######r#####
#.#
#.##.................#
8.8
#........#######K###.#
#.# ####.##### #b###.#
##.## .... #.....# 8.8
#.... #.##.#### ####.###
#... #.##.##8###8##.##8


You could see a bat, 2 kobolds, a friendly quokka (summoned) and a friendly rat
(summoned).

Vanquished Creatures
  A goblin (D:1)
  A hobgoblin (D:1)
  A kobold (D:1)
  A quokka (D:1)
  A rat (D:1)
5 creatures vanquished.

Vanquished Creatures (collateral kills)
  A giant cockroach (D:1)
  A goblin (D:1)
  2 hobgoblins (D:1)
  A ball python (D:1)
  A bat (D:1)
  A frilled lizard (D:1)
7 creatures vanquished.

Grand Total: 12 creatures vanquished

Notes
Turn   | Place    | Note
-------+----------+-------------------------------------------
     0 | D:1      | Hamster52 the Demonspawn Summoner began the quest for the
                  | Orb.
     0 | D:1      | Reached XP level 1. HP: 13/13 MP: 3/3
   662 | D:1      | Gained mutation: You have a pair of small horns on your
                  | head. [demonic ancestry]
   662 | D:1      | Reached XP level 2. HP: 7/19 MP: 3/5
   975 | D:1      | Slain by a kobold

Illustrated notes

Levels and vault maps discovered:
D:1:      sevenhm_arrival_forest_fort_small_3, layout_loops_ring, serial_rivers,
          chequers_serial_rivers_large_a, chequers_serial_rivers_micro_c,
          chequers_serial_rivers_micro_a, chequers_serial_rivers_small_b,
          chequers_serial_rivers_small_b, dk_noncrumbling_2

Skill      XL: |  1 |
---------------+----+-----
Stealth        | 2 |  2.1
Armour         | |  0.5
Dodging        | |  1.9
Spellcasting   | |  2.0
Summonings     | |  4.2

Action                   || total
-------------------------++-------
Melee: Dagger            ||    41
       Unarmed           ||     5
       Headbutt          ||     2
Throw: Stone             ||     3
 Cast: Summon Small Mamm ||    15
 Stab: Distracted        ||     1
Armor: Leather armour    ||    27
       Robe              ||     1
Dodge: Dodged            ||    54

Table legend: (Time is in decaauts)
 A = Elapsed time spent in this place.
 B = Non-inter-level travel time spent in this place.
 C = Inter-level travel time spent in this place.
 D = Time resting spent in this place.
 E = Time spent auto-exploring this place.
 F = Levels seen in this place.
 G = Mean time per level.
                   A        B        C        D        E       F      G
               +--------+--------+--------+--------+--------+-----+--------+
         Total |    974 |    974 |      0 |    518 |      0 |   1 |  974.0 |
       Dungeon |    974 |    974 |      0 |    518 |      0 |   1 |  974.0 |
               +--------+--------+--------+--------+--------+-----+--------+

Top non-repeatable levels by time:
     D:1: 974 daAuts
